 Dungeon Crawl Stone Soup version 0.31-a0-237-g2d982f9f85 (webtiles) character file.

Game seed: 8245544234526667426

25 qw the Shooter (level 3, 0/21 HPs)
             Began as a Gargoyle Hexslinger on July 10, 2023.
             Slain by a goblin
             ... wielding a +0 club
              (2 damage)
             ... on level 2 of the Dungeon.
             The game lasted 00:00:18 (511 turns).

qw the Shooter (Gargoyle Hexslinger)                 Turns: 511, Time: 00:00:18

Health: 0/21       AC:  8    Str: 11    XL:     3   Next: 4%
Magic:  4/4        EV: 16    Int: 13    God:
Gold:   44         SH:  0    Dex: 14    Spells: 3/4 levels left

rFire   . . .        Y - +1 sling (drain)
rCold   . . .        (no shield)
rNeg    + . .        k - +0 leather armour
rPois   inf          (no helmet)
rElec   +            j - +0 cloak
rCorr   .            f - +0 pair of gloves
SInv    .            (no boots)
Will    .....        (no amulet)
Stlth   +            h - +5 ring of evasion
HPRegen 0.23/turn    (no ring)
MPRegen 0.09/turn

%: no passive effects
@: no status effects
A: sickness immunity, AC +3, negative energy resistance 1, electricity
resistance, torment resistance 1, petrification resistance
a: no special abilities


You were on level 2 of the Dungeon.
You visited 1 branch of the dungeon, and saw 2 of its levels.

You collected 44 gold pieces.


Innate Abilities, Weirdness & Mutations

You are immune to sickness and miasma.
Your stone body is resilient. (AC +3)
You are immune to poison.
You resist negative energy. (rN+)
You are resistant to electric shocks. (rElec)
You are resistant to unholy torment.
You are immune to petrification.


   Skills:
 - Level 2.0 Fighting
 + Level 3.0 Ranged Weapons
 - Level 1.5 Dodging
 - Level 1.0 Spellcasting
 - Level 2.6 Hexes


You had 3 spell levels left.
You knew the following spells:

 Your Spells              Type           Power      Damage    Failure   Level
a - Slow                  Hex            28%        N/A       12%         1

Your spell library contained the following spells:

 Spells                   Type           Power      Damage    Failure   Level
 Inner Flame              Hex/Fire       4%         N/A       54%         3
 Portal Projectile        Hex/Tloc       8%         N/A       54%         3
 Cause Fear               Hex            3%         N/A       77%         4

Inventory:

Hand Weapons
 Y - a +1 sling of draining (weapon)
Armour
 f - a +0 pair of gloves (worn)
 j - a +0 cloak (worn)
 k - a +0 leather armour (worn)
Jewellery
 h - a +5 ring of evasion (left hand)
Potions
 e - a potion of haste {unknown}

Dungeon Overview and Level Annotations

Branches:
Dungeon (2/15)

Altars:

Shops:
D:2 (


Message History

The goblin hits you with a +0 club. The goblin misses you.
The goblin closely misses you.
You have reached level 3!
Your experience leads to an increase in your attributes!
Increase (S)trength, (I)ntelligence, or (D)exterity?
You feel agile. x2
You shoot a sling bullet.
The sling bullet barely misses the goblin.
The goblin closely misses you. The goblin hits you with a +0 club.
The goblin closely misses you.
You shoot a sling bullet.
The sling bullet barely misses the goblin.
The goblin hits you but does no damage. x4; The goblin barely misses you.
The goblin hits you with a +0 club. The goblin barely misses you.
The goblin hits you but does no damage.
You shoot a sling bullet.
The sling bullet barely misses the goblin.
The goblin hits you with a +0 club. The goblin hits you with a +0 dagger.
The goblin hits you but does no damage.
You shoot a sling bullet. The sling bullet hits the goblin.
The goblin is heavily wounded.
The goblin misses you. x2; The hobgoblin closely misses you.
The goblin hits you but does no damage. x2
You shoot a sling bullet. The sling bullet hits the goblin!
You kill the goblin!
The hobgoblin barely misses you. The goblin hits you with a +0 club.
The goblin misses you. The goblin hits you with a +0 club.
The goblin barely misses you. The goblin completely misses you.
The hobgoblin misses you. The goblin hits you but does no damage.
Your Fighting skill increases to level 2!
You shoot a sling bullet. The sling bullet hits the hobgoblin.
The hobgoblin is severely wounded.
The hobgoblin closely misses you. The goblin closely misses you.
The goblin misses you. The goblin barely misses you.
You shoot a sling bullet.
The sling bullet hits the hobgoblin but does no damage.
You drain the hobgoblin.
You kill the hobgoblin!
The goblin hits you with a +0 club.
You die...

#....$..# ....
##.......# ....
.........# .....
#........# .....
#........#......
#........#8.....
#......g)...... ..#
#.....@....... ..
#####.gg..#... #.
###.............
#.###...##.......#.#
#..#.............# #
####.....######.##...
#.......#.....#....##.
##....\.........###.
#.<.............#


You could see 3 goblins.

Vanquished Creatures
  A ball python (D:1)
  2 bats
  An endoplasm (D:1)
  A giant cockroach (D:1)
  3 hobgoblins
  3 jackals (D:1)
  A kobold (D:1)
  2 frilled lizards (D:1)
  5 goblins
  3 rats (D:1)
22 creatures vanquished.

Notes
Turn   | Place    | Note
-------+----------+-------------------------------------------
     0 | D:1      | qw the Gargoyle Hexslinger began the quest for the Orb.
     0 | D:1      | Reached XP level 1. HP: 12/12 MP: 2/2
     0 | D:1      | 0 ||| qw: Version: 0.3-a-52-g30416fa
     0 | D:1      | 0 ||| qw: Game counter: 5152
     0 | D:1      | 0 ||| qw: Melee chars always use a shield: true
     0 | D:1      | 0 ||| qw: God list: Okawaru
     0 | D:1      | 0 ||| qw: Allow faded altars: false
     0 | D:1      | 0 ||| qw: Do Orc after clearing Dungeon:15 true
     0 | D:1      | 0 ||| qw: Do second Lair branch before Depths: true
     0 | D:1      | 0 ||| qw: Lair rune preference: random
     0 | D:1      | 0 ||| qw: Goals: Normal
     0 | D:1      | 0 ||| PLANNING D:1-11
   125 | D:1      | Reached XP level 2. HP: 16/16 MP: 3/3
   268 | D:1      | Reached skill level 3 in Ranged Weapons
   428 | D:1      | 428 ||| UPGRADING to +0 pair of gloves.
   433 | D:1      | 433 ||| UPGRADING to +0 cloak.
   438 | D:1      | 438 ||| UPGRADING to +0 leather armour.
   448 | D:1      | 448 ||| DROPPING +0 robe.
   449 | D:1      | 449 ||| DROPPING ring of flight.
   450 | D:1      | 450 ||| UPGRADING to +5 ring of evasion.
   451 | D:1      | 451 ||| READING scroll labelled GOOVESCH CAETOTS.
   452 | D:1      | 452 ||| READING 3 scrolls labelled FOUFI DUIFF.
   453 | D:1      | 453 ||| READING 2 scrolls of brand weapon.
   453 | D:1      | 453 ||| BRANDING +1 sling of draining.
   454 | D:1      | 454 ||| READING scroll of brand weapon.
   454 | D:1      | 454 ||| BRANDING +1 sling of electrocution.
   455 | D:1      | 455 ||| DROPPING scroll of poison.
   475 | D:2      | Found Wunis's Antique Weapon Shoppe.
   485 | D:2      | 485 ||| SHOPLISTING glowing sling (117 gold, have 44).
   505 | D:2      | Reached XP level 3. HP: 15/21 MP: 4/4
   507 | D:2      | HP: 5/21 [goblin/+0 club (3)]
   509 | D:2      | HP: 1/21 [goblin/+0 club (3)]
   511 | D:2      | Slain by a goblin

Levels and vault maps discovered:
D:1:      ncdulo_halloftheorcs, layout_basic
D:2:      kennysheep_the_goblin_king, layout_rooms, serial_shops, shop,
          moated_statue, minivault_19

Skill      XL: |  1  2  3 |
---------------+----------+-----
Ranged Weapons | 3 |  3.0
Fighting       | 2 |  2.0
Dodging        | |  1.5
Spellcasting   | |  1.0
Hexes          | |  2.6

Action                     || total
---------------------------++-------
   Fire: Sling             ||    74
    Use: Scroll            ||     4
 Armour: Robe              ||     7
         Leather armour    ||     9
  Dodge: Dodged            ||    44

Table legend:
 A = Non-vault XP
 B = Vault XP
 C = Vault XP percentage of total XP
 D = Non-vault monster count
 E = Vault monster count
 F = Vault count percentage of total count
                 A         B        C        D         E       F
            +---------+---------+-------+---------+---------+-------
      Total |      30 |       8 |  21.1 |      18 |       4 |  18.2
            +---------+---------+-------+---------+---------+-------
        D:1 |      26 |       0 |   0.0 |      16 |       0 |   0.0
        D:2 |       4 |       8 |  66.7 |       2 |       4 |  66.7
            +---------+---------+-------+---------+---------+-------
